 Dungeon Crawl Stone Soup version 0.24.0-37-gcf1ca852f1 (webtiles) character file.

Game seed: 7919967008765268158, levelgen mode: deterministic

48 DildoBatman the Magician (level 4, -1/30 HPs)
             Began as a Formicid Wizard on Nov 27, 2019.
             Slain by a jackal (3 damage)
             ... on level 2 of the Dungeon.
             The game lasted 00:02:46 (1364 turns).

DildoBatman the Magician (Formicid Wizard)          Turns: 1364, Time: 00:02:47

Health: -1/30      AC:  2    Str: 12    XL:     4   Next: 0%
Magic:  7/8        EV: 12    Int: 18    God:
Gold:   38         SH:  0    Dex:  9    Spells: 2/9 levels left

rFire    . . .     SeeInvis +   d - -1 spear (curse)
rCold    . . .     Gourm    .   (no shield)
rNeg     . . .     Faith    .   a - +0 robe
rPois    .         Spirit   .   (helmet unavailable)
rElec    .         Reflect  .   (no cloak)
rCorr    .         Harm     .   (no gloves)
MR       .....                  (no boots)
Stlth    ++........             (no amulet)
HPRegen  0.10/turn              (no ring)
MPRegen  0.11/turn              (no ring)

@: no status effects
A: permanent stasis, dig shafts and tunnels, four strong arms, antennae 3
a: Dig, Shaft Self


You were on level 2 of the Dungeon.
You were hungry.

You visited 1 branch of the dungeon, and saw 2 of its levels.

You collected 38 gold pieces.

Inventory:

Hand Weapons
 d - a cursed -1 spear (weapon)
 g - a +2 dagger of flaming
 h - a +0 spear
 l - a cursed -3 hunting sling
Missiles
 b - 59 stones (quivered)
 c - 22 arrows
Armour
 a - a +0 robe (worn)
Scrolls
 e - a scroll of blinking {unknown}
 j - 2 scrolls of identify {unknown}
 k - a scroll of remove curse {unknown}
Potions
 i - 2 potions of curing {unknown}
Comestibles
 f - 2 chunks of flesh
 v - 3 rations


   Skills:
 - Level 1.7 Dodging
 - Level 2.4 Stealth
 - Level 3.2 Spellcasting
 * Level 3.1 Conjurations
   Level 1.0 Summonings
   Level 0.8 Translocations


You had 2 spell levels left.
You knew the following spells:

 Your Spells              Type           Power        Failure   Level  Hunger
a - Conjure Flame         Conj/Fire      #.......     26%         3    ###....
c - Magic Dart            Conj           ##..         4%          1    None
e - Mephitic Cloud        Conj/Pois/Air  #.......     30%         3    ###....

Your spell library contained the following spells:

 Spells                   Type           Power        Failure   Level  Hunger
 Call Imp                 Summ           #.......     16%         2    ##.....
 Slow                     Hex            #.......     24%         2    ##.....
 Blink                    Tloc           Unusable     N/A         2    N/A

Dungeon Overview and Level Annotations

Branches:
Dungeon (2/15)

Altars:


Innate Abilities, Weirdness & Mutations

You cannot be hasted, slowed, berserked, paralysed or teleported.
You can dig through walls and to a lower floor.
Your four strong arms can wield two-handed weapons with a shield.
You have a pair of large antennae on your head. (SInv)


Message History

r - Retreat! s - Stop attacking. g - Guard the area. f - Follow me.
Anything else - Cancel.
You shout for attention!
The jackal completely misses you. The jackal closely misses you.
The jackal barely misses you. What are your orders? t - Shout!
Orders for allies: a - Attack new target. r - Retreat! s - Stop attacking. g - Guard the area. f - Follow me.
Anything else - Cancel.
You shout for attention!
The jackal bites you but does no damage. x2
The jackal completely misses you. The rat misses you.
The jackal bites you but does no damage.
The jackal bites you.
You die...

#.# .# #.#
.# #.# .>
... .####
#.# ....
#$# ..#
#†###h.#
#<##@r.#
#.#h#h.###
#..).....$<
######.####
.# .# #


You could see 3 jackals and a rat.

Vanquished Creatures
  An adder (D:2)
  2 ball pythons (D:1)
  3 giant cockroaches (D:1)
  3 goblins (D:1)
  7 hobgoblins
  5 jackals (D:1)
  7 kobolds (D:1)
  2 bats
  5 rats
35 creatures vanquished.

Notes
Turn   | Place    | Note
-------+----------+-------------------------------------------
     0 | D:1      | DildoBatman the Formicid Wizard began the quest for the
                  | Orb.
     0 | D:1      | Reached XP level 1. HP: 13/13 MP: 4/4
    14 | D:1      | Reached skill level 1 in Conjurations
   326 | D:1      | Reached XP level 2. HP: 19/19 MP: 0/6
   724 | D:1      | Reached XP level 3. HP: 24/24 MP: 5/7
   729 | D:1      | Learned a level 3 spell: Conjure Flame
   733 | D:1      | Learned a level 3 spell: Mephitic Cloud
  1075 | D:1      | You fall into a shaft and drop 1 floor!
  1357 | D:2      | Reached XP level 4. HP: 11/30 MP: 6/8
  1362 | D:2      | HP: 1/30 [jackal (2)]
  1364 | D:2      | Slain by a jackal

Levels and vault maps discovered:
D:1:      giann_horns, layout_basic
D:2:      layout_loops_ring, amethyst_overflow_temple_binary, uniq_robin

Skill      XL: |  1  2  3 |
---------------+----------+-----
Conjurations   | 1 2 3 |  3.1
Dodging        | |  1.7
Stealth        | |  2.4
Spellcasting   | |  3.2
Summonings     | |  1.0
Translocations | |  0.8

Action                   |  1- 3 |  4- 6 || total
-------------------------+-------+-------++-------
Melee: Spear             |    34 |       ||    34
 Cast: Magic Dart        |    72 |     1 ||    73
 Abil: Dig               |     2 |     1 ||     3
  Eat: Chunk             |     1 |       ||     1
Armor: Robe              |     8 |     5 ||    13
Dodge: Dodged            |    35 |    12 ||    47
